 Dungeon Crawl Stone Soup version 0.30.0-29-ga12c61a403 (webtiles) character file.

Game seed: 8677349724403571912

10698 Josd the Slasher (level 11, -2/156 HPs)
             Began as a Troll Warper on June 8, 2023.
             Was a High Priest of Okawaru.
             Slain by an anaconda simulacrum (10 damage)
             ... in an ice cave.
             The game lasted 00:47:47 (10257 turns).

Josd the Slasher (Troll Warper)                    Turns: 10257, Time: 00:47:50

Health: -2/156     AC: 25    Str: 23    XL:     11   Next: 39%
Magic:  17/23      EV: -2    Int: 15    God:    Okawaru [*****.]
Gold:   570        SH:  8    Dex:  7    Spells: 9/16 levels left

rFire   . . .        y - +7 Throatcutter {drain, coup de grace}
rCold   + . .        d - +0 kite shield of Ethics {rC+ Int+3}
rNeg    . . .        G - melded +1 steam dragon scales
rPois   +            (helmet currently unavailable)
rElec   .            F - melded +0 cloak
rCorr   +            (gloves unavailable)
SInv    .            (boots unavailable)
Will    ++++.        (no amulet)
Stlth   +++          H - ring "Piupugudu" {rPois Will++ rCorr EV+5 Dex-4}
HPRegen 1.26/turn    N - ring "Acvinu" {Will++ MP+9 Int+3}
MPRegen 0.18/turn

%: no passive effects
@: mighty, tree-form, heroic, very slightly contaminated, constricted, studying
Axes
A: stationary, stasis, torment immunity, boosted hp, large, unfitting armour,
(claws 3), regeneration 1, (shaggy fur 1), (tough skin 1)
a: Renounce Religion, Heroism, Finesse, Duel


You were in an ice cave.
You worshipped Okawaru.
Okawaru was extremely pleased with you.
You were a tree.
You visited 3 branches of the dungeon, and saw 15 of its levels.
You also visited: Ice Cave.

You collected 774 gold pieces.
You spent 204 gold pieces at shops.

Inventory:

Hand Weapons
 n - a +1 double sword of holy wrath
 y - the +7 Throatcutter (weapon) {drain, coup de grace}
   (You found it on level 4 of the Dungeon)
Missiles
 c - 7 boomerangs of dispersal
 t - 11 boomerangs
 w - a curare-tipped dart
 x - 40 poisoned darts (quivered)
 I - a throwing net
 S - 5 atropa-tipped darts
Armour
 d - the +0 kite shield of Ethics (worn) {rC+ Int+3}
   (You acquired it on level 10 of the Dungeon)

   Int:       It affects your intelligence (+3).
   rC:        It protects you from cold.
 p - the +1 robe of Imperfection {+Blink Dex+3}
   (You found it on level 3 of the Dungeon)

   Dex:       It affects your dexterity (+3).
   +Blink:    It lets you blink.
 B - a scarf of shadows
 F - a +0 cloak (melded)
 G - +1 steam dragon scales (melded)
 U - a +2 robe of willpower
 Y - a +0 kite shield of cold resistance
Jewellery
 e - a ring of poison resistance
 h - a +4 ring of protection
 H - the ring "Piupugudu" (left branch) {rPois Will++ rCorr EV+5 Dex-4}
   (You found it on level 6 of the Dungeon)

   [ring of evasion]

   EV:        It affects your evasion (+5).
   Dex:       It affects your dexterity (-4).
   rPois:     It protects you from poison.
   rCorr:     It protects you from acid and corrosion.
   Will:      It greatly increases your willpower.
 N - the ring "Acvinu" (right branch) {Will++ MP+9 Int+3}
   (You took it off an orc wizard on level 8 of the Dungeon)

   [ring of magical power]

   Int:       It affects your intelligence (+3).
   MP:        It affects your magic capacity (+9).
   Will:      It greatly increases your willpower.
 O - a ring of fire
 R - a ring of positive energy
Wands
 C - a wand of charming (10)
 Q - a wand of mindburst (14)
 T - a wand of flame (2)
 V - a wand of iceblast (4)
Scrolls
 a - 4 scrolls of magic mapping
 b - 2 scrolls of enchant weapon
 i - a scroll of acquirement
 j - a scroll of silence
 l - 3 scrolls of fog
 m - a scroll of amnesia
 r - a scroll of noise {unknown}
 s - 3 scrolls of fear
 A - a scroll of vulnerability {unknown}
 E - 5 scrolls of teleportation {unknown}
 K - 2 scrolls of brand weapon
 L - 2 scrolls of immolation
 P - 3 scrolls of blinking
 X - a scroll of identify
Potions
 f - 2 potions of berserk rage {unknown}
 g - 3 potions of might
 k - a potion of cancellation
 o - 8 potions of curing
 q - a potion of heal wounds
 u - 4 potions of brilliance
 v - 3 potions of lignification
 z - 2 potions of magic {unknown}
 D - 2 potions of resistance {unknown}
 J - a potion of degeneration {unknown}
 M - 3 potions of mutation {unknown}
 W - a potion of attraction {unknown}


   Skills:
 + Level 5.5(10.5) Fighting
 + Level 7.9(12.9) Long Blades
 + Level 1.7(6.7) Throwing
 + Level 7.5(12.5) Dodging
 + Level 2.3(7.3) Stealth
 + Level 0.6(5.6) Shields
 - Level 5.5(10.5) Unarmed Combat
 + Level 3.0 Spellcasting
 * Level 5.6 Translocations
 * Level 2.2 Invocations
 + Level 0.3 Evocations


You had 9 spell levels left.
You knew the following spells:

 Your Spells              Type           Power      Damage    Failure   Level
a - Blink                 Tloc           38%        N/A       6%          2
b - Teleport Other        Tloc           19%        N/A       12%         3
c - Lesser Beckoning      Tloc           38%        N/A       6%          2

Your spell library contained the following spells:

 Spells                   Type           Power      Damage    Failure   Level
 Apportation              Tloc           38%        N/A       4%          1
 Vhi's Electric Charge    Tloc/Air       20%        N/A       36%         3
 Manifold Assault         Tloc           19%        N/A       36%         4
 Passage of Golubria      Tloc           19%        N/A       36%         4
 Beastly Appendage        Tmut           4%         N/A       38%         1
 Freeze                   Ice            8%         1d3       38%         1
 Necrotise                Necr           8%         1d4       38%         1
 Ensorcelled Hibernation  Hex/Ice        4%         N/A       52%         2
 Passwall                 Tmut/Erth      1%         N/A       52%         2
 Wereblood                Tmut           2%         N/A       52%         2
 Frozen Ramparts          Ice            4%         1d1       77%         3
 Hailstorm                Conj/Ice       2%         3d3       77%         3
 Spider Form              Tmut/Pois      2%         N/A       77%         3
 Swiftness                Air            2%         N/A       77%         3
 Vampiric Draining        Necr           2%         2d6       77%         3
 Ice Form                 Ice/Tmut       2%         N/A       99%         4
 Petrify                  Tmut/Erth      2%         N/A       99%         4
 Agony                    Necr           2%         N/A       100%        5
 Arcjolt                  Conj/Air       1%         1d11      100%        5
 Metabolic Englaciation   Hex/Ice        1%         N/A       100%        5
 Yara's Violent Unravell  Hex/Tmut       1%         3d3       100%        5
 Statue Form              Tmut/Erth      1%         N/A       100%        6
 Maxwell's Capacitive Co  Air            1%         ∞         100%        8
 Summon Small Mammal      Summ           Unusable   N/A       N/A         1
 Tukima's Dance           Hex            Unusable   N/A       N/A         3
 Summon Ice Beast         Ice/Summ       Unusable   N/A       N/A         4

Dungeon Overview and Level Annotations

Branches:
Dungeon (12/15)            Temple (1/1) D:6            Lair (2/5) D:8
    Orc (0/2) D:9           IceCv (1/1)
  Swamp: Lair:2-3    Shoals: Lair:2-3     Snake: Lair:2-3    Spider: Lair:2-3

Altars:
Ashenzari
Cheibriados
Dithmenos
Elyvilon
Fedhas
Gozag
Hepliaklqana
Kikubaaqudgha
Makhleb
Nemelex Xobeh
Okawaru
Qazlal
Ru
Sif Muna
Trog
Uskayaw
Vehumet
Wu Jian
Xom
Yredelemnul
Zin
The Shining One

Shops:
D:3 !   D:6 !   D:7 *[=?

Annotations:
D:10 pornopis's ghost, journeyman DEVM
Lair:1 exclusion: orange crystal statue


Innate Abilities, Weirdness & Mutations

You are a tree.
Your roots penetrate the ground, keeping you stationary.
You cannot be teleported.
You are immune to unholy pain and torment.
Your maximum health is greatly increased.
Your equipment is partially melded.
You are too large for most types of armour.
((You have claws for hands.))
Your natural rate of healing is unusually fast.
((You are covered in fur. (AC +1)))
((You have tough skin. (AC +1)))


Message History

Confirm with . or Enter, or press ? or * to list all spells.
Aiming: Lesser Beckoning (safe; 7% risk of failure)
Press: ? - help, Shift-Dir - straight line
Okay, then.
Casting: Lesser Beckoning (safe; 7% risk of failure)
Confirm with . or Enter, or press ? or * to list all spells.
Aiming: Teleport Other (dangerous; 14% risk of failure)
Press: ? - help, Shift-Dir - straight line, f - anaconda simulacrum
Aim: an anaconda simulacrum (chance to affect: 64%)
You miscast Teleport Other.
You are very lightly contaminated with residual magic.
Nothing appears to happen.
The anaconda simulacrum grabs you.
The anaconda simulacrum closely misses you.
The anaconda simulacrum constricts you.
You gain the combat prowess of a mighty hero.
You feel stable enough to blink again.
The anaconda simulacrum closely misses you.
The anaconda simulacrum constricts you.
* * * LOW HITPOINT WARNING * * *
You block the anaconda simulacrum's attack.
The anaconda simulacrum constricts you. The anaconda simulacrum bites you.
* * * LOW HITPOINT WARNING * * *
The anaconda simulacrum freezes you! You resist.
* * * LOW HITPOINT WARNING * * *
Okay, then.
You turn into a tree.
Your +0 cloak melds into your body.
Your +1 steam dragon scales melds into your body.
Your roots penetrate the ground.
You block the anaconda simulacrum's attack.
The anaconda simulacrum constricts you.
The anaconda simulacrum bites you but does no damage. x2
The anaconda simulacrum constricts you.
You feel very mighty all of a sudden.
You block the anaconda simulacrum's attack. x2
The anaconda simulacrum constricts you.
* * * LOW HITPOINT WARNING * * *
The anaconda simulacrum bites you!
* * * LOW HITPOINT WARNING * * *
The anaconda simulacrum freezes you! You resist.
You die...

## ##.#
####♣.#..#
##..ZZ..#
##....Z##[#
#..##.## #
#.######
#..###.##
#..#....#
##......##
#...###..##


You could see 2 anaconda simulacra and a dire elephant simulacrum.

Vanquished Creatures
  A two-headed ogre (D:9)
  Pikel (D:6)
  Maurice (D:8)
  An oklob plant (D:7)
  Joseph (D:9)
  Psyche (D:8)
  2 rime drakes (D:12)
  A kobold demonologist (D:10)
  A komodo dragon (Lair:1)
  3 hornets
  3 blink frogs (Lair:1)
  2 shadows (D:10)
  2 wyverns (D:9)
  2 wraiths
  A vampire (D:9)
  7 yaks
  2 steam dragons
  A water moccasin (Lair:1)
  2 ice beasts (D:5)
  5 orc warriors (D:8)
  A black bear (D:8)
  3 ogres
  A centaur (D:5)
  A lemure (D:6)
  4 kobold brigands
  5 bullfrogs
  A scorpion (D:7)
  2 gnoll sergeants
  10 wights
  An elephant simulacrum (IceCv)
  4 killer bees (D:7)
  2 howler monkeys
  3 jellies
  7 orc priests
  A hound (D:5)
  Natasha (D:2)
  7 iguanas
  10 orc wizards
  A spriggan simulacrum (IceCv)
  A troll simulacrum (IceCv)
  12 gnolls
  7 adders
  3 white imps
  5 ufetubi
  2 worms (D:2)
  A dart slug (D:5)
  50 orcs
  5 bats
  7 endoplasms
  A giant cockroach (D:1)
  3 goblins
  7 hobgoblins
  15 kobolds
  5 quokkas
  5 ball pythons
  2 frilled lizards
  2 rats (D:3)
238 creatures vanquished.

Vanquished Creatures (others)
  2 kobolds (D:8)
2 creatures vanquished.

Grand Total: 240 creatures vanquished

Notes
Turn   | Place    | Note
-------+----------+-------------------------------------------
     0 | D:1      | Josd the Troll Warper began the quest for the Orb.
     0 | D:1      | Reached XP level 1. HP: 19/19 MP: 1/1
   435 | D:1      | Reached XP level 2. HP: 27/27 MP: 3/3
   879 | D:2      | Found a faded altar of an unknown god.
   898 | D:2      | Reached XP level 3. HP: 33/33 MP: 4/4
   976 | D:2      | Learned a level 2 spell: Blink
  1036 | D:2      | Noticed Natasha
  1056 | D:2      | Killed Natasha
  1057 | D:2      | Reached XP level 4. HP: 36/41 MP: 5/5
  1307 | D:3      | Reached XP level 5. HP: 31/49 MP: 6/6
  1341 | D:3      | Found Posom's Distillery.
  1345 | D:3      | Identified the +1 robe of Imperfection {+Blink Dex+3}
  1364 | D:3      | Bought a potion of curing for 36 gold pieces
  1364 | D:3      | Bought a potion of might for 48 gold pieces
  1364 | D:3      | Bought a potion of heal wounds for 60 gold pieces
  1625 | D:3      | Found a glowing silver altar of Zin.
  2284 | D:4      | Noticed an ogre
  2304 | D:5      | Entered Level 5 of the Dungeon
  2439 | D:4      | Killed an ogre
  2440 | D:4      | Reached XP level 6. HP: 57/57 MP: 7/7
  2539 | D:4      | Found the +7 Throatcutter {drain, coup de grace}
  2567 | D:4      | Reached skill level 5 in Unarmed Combat
  2575 | D:4      | Reached XP level 7. HP: 59/63 MP: 8/8
  2778 | D:4      | Found a shimmering altar of Xom.
  3163 | D:5      | Reached skill level 1 in Long Blades
  3163 | D:5      | Reached skill level 1 in Stealth
  3421 | D:5      | Reached XP level 8. HP: 63/74 MP: 9/9
  3875 | D:6      | Noticed Pikel
  3886 | D:6      | Killed Pikel
  3936 | D:6      | Found a staircase to the Ecumenical Temple.
  3964 | Temple   | Entered the Ecumenical Temple
  4163 | Temple   | Became a worshipper of Warmaster Okawaru
  4270 | D:6      | Found Dias's Distillery.
  4367 | D:6      | Reached skill level 5 in Dodging
  4445 | D:6      | Learned a level 3 spell: Teleport Other
  4597 | D:6      | Identified the ring "Piupugudu" {rPois Will++ rCorr EV+5
                  | Dex-4}
  4659 | D:7      | Found Goumonao's Magic Scroll Boutique.
  4695 | D:7      | Reached * piety under Okawaru
  4696 | D:7      | Reached XP level 9. HP: 46/83 MP: 10/10
  4843 | D:7      | Bought a scroll of fear for 40 gold pieces
  4843 | D:7      | Bought a scroll of identify for 20 gold pieces
  5054 | D:7      | Found Ustigemo's Magic Scroll Boutique.
  5073 | D:7      | Found a transporter.
  5073 | D:7      | Found Rionyn's Armour Shoppe.
  5094 | D:7      | Found a transporter.
  5139 | D:7      | Found an opulent altar of Gozag.
  5140 | D:7      | Found a glowing golden altar of the Shining One.
  5141 | D:7      | Found a hide-covered altar of Uskayaw.
  5142 | D:7      | Found a snail-covered altar of Cheibriados.
  5226 | D:7      | Found Nomoi's General Store.
  5284 | D:7      | Found Ohasmote's Jewellery Shop.
  5380 | D:7      | Found a blossoming altar of Fedhas.
  5393 | D:7      | Noticed an oklob plant
  5408 | D:7      | Killed an oklob plant
  5408 | D:7      | Reached ** piety under Okawaru
  5409 | D:7      | Reached skill level 5 in Long Blades
  5409 | D:7      | Reached skill level 1 in Throwing
  5742 | D:8      | Found a staircase to the Lair.
  5785 | Lair:1   | Entered Level 1 of the Lair of Beasts
  5883 | Lair:1   | Noticed a komodo dragon
  5947 | Lair:1   | Killed a komodo dragon
  5948 | Lair:1   | Reached XP level 10. HP: 76/93 MP: 12/12
  6056 | Lair:1   | Found a burning altar of Makhleb.
  6134 | Lair:1   | Noticed an orange crystal statue
  6137 | Lair:1   | Noticed a cane toad
  6396 | D:8      | Noticed Maurice
  6404 | D:8      | Reached *** piety under Okawaru
  6424 | D:8      | Killed Maurice
  6433 | D:8      | You fall into a shaft and drop 2 floors!
  6433 | D:10     | Entered Level 10 of the Dungeon
  6739 | D:11     | Noticed a cyclops
  6780 | D:9      | Found a bloodstained altar of Trog.
  6849 | D:9      | HP: 4/94 [something (12)]
  7160 | D:8      | Identified the ring "Acvinu" {Will++ MP+9 Int+3}
  7202 | D:8      | Learned a level 2 spell: Lesser Beckoning
  7310 | D:8      | Noticed Psyche
  7329 | D:8      | Killed Psyche
  7633 | D:9      | Reached skill level 5 in Translocations
  7654 | D:9      | Noticed Joseph
  7681 | D:9      | Killed Joseph
  7681 | D:9      | Reached **** piety under Okawaru
  8058 | D:9      | Found a staircase to the Orcish Mines.
  8103 | D:9      | Found a shimmering blue altar of Sif Muna.
  8103 | D:9      | Found a stormy altar of Qazlal.
  8151 | D:9      | Reached skill level 5 in Fighting
  8340 | D:9      | Reached ***** piety under Okawaru
  8690 | D:10     | Reached XP level 11. HP: 79/96 MP: 14/14
  8729 | D:9      | Reached skill level 1 in Invocations
  8932 | D:10     | Found a runed translucent gate.
  8932 | D:10     | Found a runed translucent gate.
  8932 | D:10     | Found a runed translucent gate.
  9140 | D:10     | Identified 2 scrolls of acquirement
  9147 | D:10     | Acquired the +0 kite shield of Ethics {rC+ Int+3}
  9335 | D:10     | Noticed a two-headed ogre
  9477 | D:9      | Killed a two-headed ogre
  9477 | D:9      | Received a gift from Okawaru
  9600 | D:10     | Found a shadowy altar of Dithmenos.
  9797 | D:10     | Noticed pornopis's ghost (journeyman DEVM)
  9964 | D:11     | HP: 1/104 [something (12)]
  9974 | D:11     | You fall into a shaft and drop 1 floor!
 10077 | D:12     | Found a frozen archway.
 10173 | IceCv    | Entered an ice cave
 10257 | IceCv    | Slain by an anaconda simulacrum

Illustrated notes

Levels and vault maps discovered:
D:1:      psy_arrival_fountain, layout_basic
D:2:      layout_basic, chequers_ecumenical_altar_lobes,
          minmay_misc_feat_diagonals, roderic_roman_lattice, uniq_natasha
D:3:      layout_basic, mainiacjoe_overflow_alcove_1, serial_shops, shop,
          feat_on_display
D:4:      layout_rooms, kennysheep_mini_moat, dilly_guarded_unrand_throatcut
D:5:      layout_gridville
D:6:      layout_basic, temple_pool_b, serial_shops,
          nicolae_shop_just_a_little_nook, uniq_pikel
D:7:      layout_rooms, tgw_fedhas, mainiacjoe_overflow_alcove_3, serial_shops,
          nicolae_shop_drivethru, nicolae_shop_waterfront, shop,
          kennysheep_little_box, nicolae_shop_tiny_statue_garden
D:8:      layout_basic, dpeg_oklobed_lair, minivault_19, uniq_psyche,
          uniq_maurice
D:9:      layout_long_grid, general_overflow_altar,
          gammafunk_temple_overflow_elements, david_orc_5, uniq_joseph
D:10:     layout_basic, nicolae_overflow_crystal_walls, gammafunk_ghost_spectres
D:11:     layout_roguey, nicolae_water_bricks
D:12:     layout_basic, portal_ice_cave_rime, uniq_rupert, uniq_frances
Temple:   jpeg_temple_clearing
Lair:1:   layout_gridlike, basic_altar, disabler_island
Lair:2:   layout_hall_layers, guppyfry_snake_entry_garden, uniq_gastronok
IceCv:    ice_cave_caverns_02

Skill      XL: |  1  2  3  4  5  6  7  8  9 10 11 |
---------------+----------------------------------+-----
Dodging        | 2 3 4 5 6 7 |  7.5
Unarmed Combat | 3 4 5 |  5.5
Fighting       | 2 3 4 5 |  5.5
Long Blades    | 2 4 6 7 |  7.9
Stealth        | 1 2 |  2.3
Translocations | 3 4 5 |  5.6
Throwing       | 1 |  1.7
Spellcasting   | 2 3 |  3.0
Invocations    | 2 |  2.2
Shields        | |  0.6
Evocations     | |  0.3

Action                     |  1- 3 |  4- 6 |  7- 9 | 10-12 || total
---------------------------+-------+-------+-------+-------++-------
  Melee: Unarmed           |    85 |   151 |     2 |       ||   238
         Punch             |       |     3 |    15 |    15 ||    33
         Long sword        |       |       |   247 |   402 ||   649
         Double sword      |       |       |       |    47 ||    47
  Throw: Dart              |       |       |    10 |     5 ||    15
   Cast: Blink             |       |       |     5 |    10 ||    15
         Teleport Other    |       |       |     1 |     1 ||     2
         Lesser Beckoning  |       |       |       |     5 ||     5
 Invoke: Heroism           |       |       |       |     3 ||     3
Ability: Evoke Blink       |       |     1 |       |       ||     1
    Use: Scroll            |       |       |     3 |    12 ||    15
         Potion            |       |       |       |     4 ||     4
   Stab: Sleeping          |       |     1 |     1 |     1 ||     3
 Armour: Robe              |    45 |    55 |    44 |       ||   144
         Steam dragon scal |       |       |    99 |   177 ||   276
         Skin              |       |       |       |     2 ||     2
  Dodge: Dodged            |    60 |    84 |   197 |   379 ||   720
  Block: Kite shield       |       |       |       |    63 ||    63
